 Dungeon Crawl Stone Soup version 0.30-a0-373-gd37427bb62 (webtiles) character file.

Game seed: 7567368177728648050

5779 pokeman the Thaumaturge (level 10, -4/58 HPs)
             Began as a Deep Elf Hedge Wizard on Nov 24, 2022.
             Was an Initiate of Vehumet.
             Killed from afar by an acid dragon (27 damage)
             ... with a splash of acid
             ... on level 9 of the Dungeon.
             The game lasted 00:27:58 (11525 turns).

pokeman the Thaumaturge (Deep Elf Hedge Wizard)    Turns: 11525, Time: 00:27:58

Health: -4/58      AC:  6    Str:  7    XL:     10   Next: 50%
Magic:  30/30      EV: 12    Int: 24    God:    Vehumet [......]
Gold:   439        SH:  0    Dex: 14    Spells: 30/38 levels left

rFire   . . .      SeeInvis .    k - +2 short sword (venom)
rCold   . . .      Faith    .    (no shield)
rNeg    + . .      Spirit   .    C - +0 troll leather armour
rPois   .          Reflect  .    p - +2 helmet
rElec   .          Harm     .    l - +0 cloak
rCorr   .          Rampage  .    (no gloves)
Will    +....                    i - +0 pair of boots
Stlth   ++........               (no amulet)
HPRegen 1.09/turn                q - ring of wizardry
MPRegen 0.22/turn                A - ring of positive energy

@: corroded
A: no striking features
a: Renounce Religion


You were on level 9 of the Dungeon.
You worshipped Vehumet.
Vehumet was noncommittal.
You visited 2 branches of the dungeon, and saw 10 of its levels.

You collected 614 gold pieces.
You spent 175 gold pieces at shops.

Inventory:

Hand Weapons
 e - a +0 arbalest
 k - a +2 short sword of venom (weapon)
 o - a +4 dagger of chaos
Missiles
 B - 5 throwing nets
 E - a curare-tipped dart
Armour
 i - a +0 pair of boots (worn)
 l - a +0 cloak (worn)
 n - an orb of mayhem
 p - a +2 helmet (worn)
 y - a +0 robe of fire resistance
 C - a +0 troll leather armour (worn)
Jewellery
 q - a ring of wizardry (left hand)
 A - a ring of positive energy (right hand)
Wands
 a - a wand of iceblast (4)
Scrolls
 c - a scroll of fear
 f - a scroll of summoning {unknown}
 j - 2 scrolls of enchant weapon
 m - a scroll of vulnerability {unknown}
 s - a scroll of poison {unknown}
 u - 4 scrolls of teleportation
 v - a scroll of magic mapping
 x - a scroll of fog {unknown}
 z - a scroll of blinking
Potions
 b - a potion of brilliance {unknown}
 d - a potion of magic
 g - 3 potions of curing {unknown}
 h - 2 potions of haste
 r - 2 potions of lignification {unknown}
 t - a potion of heal wounds
 w - 3 potions of might {unknown}
 D - a potion of berserk rage {unknown}
 F - 2 potions of resistance
 G - 2 potions of ambrosia


   Skills:
 + Level 4.5 Fighting
 - Level 4.0 Armour
 - Level 3.0 Dodging
 - Level 3.2 Stealth
 * Level 14.7 Spellcasting
 + Level 8.6 Conjurations
 - Level 1.1 Summonings
 - Level 1.1 Translocations
 - Level 1.3 Air Magic
 - Level 1.0 Poison Magic
 - Level 1.2 Evocations


You had 30 spell levels left.
You knew the following spells:

 Your Spells              Type           Power      Damage    Failure   Level
a - Magic Dart            Conj           100%       1d8       1%          1
b - Mephitic Cloud        Conj/Pois/Air  35%        N/A       1%          3
c - Call Imp              Summ           22%        N/A       1%          2
d - Blink                 Tloc           44%        N/A       1%          2

Your spell library contained the following spells:

 Spells                   Type           Power      Damage    Failure   Level
 Slow                     Hex            68%        N/A       1%          1
 Cigotuvi's Dreadful Rot  Necr/Pois/Air  42%        N/A       2%          2
 Ensorcelled Hibernation  Hex/Ice        34%        N/A       2%          2
 Call Canine Familiar     Summ           22%        N/A       3%          3
 Portal Projectile        Hex/Tloc       40%        N/A       4%          3
 Spider Form              Tmut/Pois      20%        N/A       4%          3
 Anguish                  Hex/Necr       8%         N/A       19%         4
 Leda's Liquefaction      Hex/Erth       8%         N/A       19%         4


Dungeon Overview and Level Annotations

Branches:
Dungeon (9/15)             Temple (1/1) D:7
   Lair: D:8-11         Orc: D:9-12

Altars:
Ashenzari
Cheibriados
Dithmenos
Elyvilon
Fedhas
Gozag
Hepliaklqana
Kikubaaqudgha
Makhleb
Nemelex Xobeh
Okawaru
Qazlal
Ru
Sif Muna
Trog
Uskayaw
Vehumet
Wu Jian
Yredelemnul
Zin
The Shining One

Shops:
D:4 ?   D:7 ?

Annotations:
D:8 2 transporters, Maxmaps's ghost, journeyman FoMo
D:9 3 runed translucent doors


Message History

Okay, then.
Unknown command.
Your crimson imp blinks!
The acid dragon spits acid at you. The splash of acid hits you!!
The acid corrodes you!
Unknown command.
You close the door.
You close the door.
You start resting.
Magic restored.
You start resting.
An acid dragon is nearby!
The sentinel's mark upon you fades away.
There is an open door here.
You close the door.
You are no longer corroded.
You start resting.
HP restored.
Found 3 stones.
r - 2 lumpy coppery potions (gained 1)
Found a potion of degeneration.
You see here a potion of degeneration.
g - 3 puce potions (gained 1)
You now have 439 gold pieces (gained 14).
G - 2 potions of ambrosia An acid dragon is nearby!
Found a scroll of identify.
The acid dragon spits acid at you. The splash of acid hits you!
The acid corrodes you! The acid dragon spits acid at you.
The splash of acid hits you!!
* * * LOW HITPOINT WARNING * * *
The acid dragon bites your crimson imp!
The acid dragon closely misses your crimson imp.
Your crimson imp hits the acid dragon.
The acid dragon closely misses your crimson imp.
The acid dragon claws your crimson imp but does no damage.
Your crimson imp blinks!
The acid dragon spits acid at you. The splash of acid hits you!!
You die...

..##≈#..................#...#...#
..####)..........<........#...#..
....))).................#...#...#
..............>...........#...#..
.......................D#...#...#
.......################...#...#..
.......# #.#...#...#
....<..################D..#...#..
................@.....§.....#...#
........>........?............#..
......................########..#
##..............5.....# ###.
#....................# ##
#....................# #
##...................... .
........................ .
########## ########### #


You could see an acid dragon (catching breath, ally target) and a friendly
crimson imp (summoned).

Vanquished Creatures
  Harold (D:9)
  A two-headed ogre (D:9)
  Pikel (D:4)
  Psyche (D:8)
  2 trolls (D:5)
  A hornet (D:7)
  A water moccasin (D:7)
  2 orc warriors (D:7)
  An ice beast (D:6)
  2 ogres
  A black bear (D:5)
  A centaur (D:9)
  2 lemures (D:4)
  4 bullfrogs
  3 kobold brigands
  A necrophage (D:6)
  2 scorpions
  4 wights
  5 killer bees (D:9)
  4 howler monkeys
  A hound (D:6)
  4 orc priests
  4 jellies
  2 gnoll boudas
  Ijyb (D:4)
  Natasha (thrice) (D:4)
  3 iguanas
  7 orc wizards
  18 gnolls
  10 adders
  A white imp (D:6)
  An ufetubus (D:4)
  2 worms
  4 dart slugs
  26 orcs
  5 bats
  3 endoplasms
  4 giant cockroaches
  8 hobgoblins
  15 jackals
  23 kobolds
  9 ball pythons
  5 frilled lizards
  5 goblins
  4 rats (D:3)
208 creatures vanquished.

Vanquished Creatures (collateral kills)
  Edmund (D:4)
  A wight (D:6)
  An orc priest (D:4)
  Robin (D:2)
  A dart slug (D:4)
  4 orcs
  5 hobgoblins
  A kobold (D:3)
  3 goblins (D:2)
  A rat (D:3)
19 creatures vanquished.

Grand Total: 227 creatures vanquished

Notes
Turn   | Place    | Note
-------+----------+-------------------------------------------
     0 | D:1      | pokeman the Deep Elf Hedge Wizard began the quest for the
                  | Orb.
     0 | D:1      | Reached XP level 1. HP: 10/10 MP: 7/7
   436 | D:1      | Reached XP level 2. HP: 16/16 MP: 3/9
   856 | D:1      | Reached skill level 5 in Spellcasting
  1069 | D:1      | Reached XP level 3. HP: 20/20 MP: 3/11
  1073 | D:1      | Learned a level 3 spell: Mephitic Cloud
  1076 | D:1      | Learned a level 2 spell: Call Imp
  1079 | D:1      | Learned a level 2 spell: Blink
  1565 | D:2      | Reached skill level 1 in Fighting
  1635 | D:2      | Reached skill level 1 in Armour
  1699 | D:2      | Noticed Robin
  1828 | D:2      | Reached XP level 4. HP: 25/25 MP: 10/13
  1840 | D:2      | Killed Robin
  2295 | D:2      | Found a stormy altar of Qazlal.
  3057 | D:3      | Reached skill level 6 in Spellcasting
  3057 | D:3      | Reached XP level 5. HP: 26/29 MP: 6/15
  3409 | D:3      | Reached skill level 1 in Poison Magic
  3512 | D:3      | Noticed an ogre
  3523 | D:3      | Killed an ogre
  3524 | D:3      | Reached skill level 1 in Air Magic
  3524 | D:3      | Reached XP level 6. HP: 34/34 MP: 4/17
  3693 | D:3      | Reached skill level 1 in Evocations
  4497 | D:3      | Reached skill level 7 in Spellcasting
  4875 | D:4      | Noticed Edmund
  4912 | D:4      | Reached XP level 7. HP: 4/39 MP: 4/20
  4912 | D:4      | Killed Edmund
  4913 | D:4      | Reached skill level 8 in Spellcasting
  4955 | D:4      | Noticed Ijyb
  4986 | D:4      | Killed Ijyb
  5206 | D:4      | Noticed Natasha
  5211 | D:4      | Killed Natasha
  5251 | D:4      | Noticed Natasha
  5253 | D:4      | Killed Natasha
  5335 | D:4      | Found Ahanoy's Magic Scroll Emporium.
  5342 | D:4      | Bought a scroll of identify for 20 gold pieces
  5342 | D:4      | Bought a scroll of teleportation for 30 gold pieces
  5342 | D:4      | Bought a scroll of identify for 20 gold pieces
  5342 | D:4      | Bought a scroll of blinking for 75 gold pieces
  5436 | D:4      | Noticed Natasha
  5443 | D:4      | Killed Natasha
  5742 | D:4      | Noticed Pikel
  5937 | D:4      | Killed Pikel
  5938 | D:4      | Reached skill level 9 in Spellcasting
  5938 | D:4      | Reached skill level 5 in Conjurations
  5938 | D:4      | Reached XP level 8. HP: 36/44 MP: 11/23
  6137 | D:4      | Found an ornate altar of the Wu Jian Council.
  6194 | D:5      | Entered Level 5 of the Dungeon
  6206 | D:5      | Reached skill level 10 in Spellcasting
  7162 | D:5      | Noticed a troll
  7182 | D:5      | Noticed a troll
  7192 | D:5      | Killed a troll
  7195 | D:5      | Killed a troll
  7196 | D:5      | Reached skill level 11 in Spellcasting
  7441 | D:5      | Found a glowing golden altar of the Shining One.
  7616 | D:6      | Found a shadowy altar of Dithmenos.
  7624 | D:6      | Reached XP level 9. HP: 48/48 MP: 20/26
  8047 | D:6      | Reached skill level 12 in Spellcasting
  8576 | D:7      | Found Faothru's Magic Scroll Shop.
  8640 | D:7      | Bought a scroll of identify for 30 gold pieces
  8655 | D:7      | Found a shimmering blue altar of Sif Muna.
  8681 | D:7      | Found a staircase to the Ecumenical Temple.
  8690 | Temple   | Entered the Ecumenical Temple
  8832 | D:7      | Found a white marble altar of Elyvilon.
  8890 | D:7      | Found an iron altar of Okawaru.
  9016 | D:7      | Found a hide-covered altar of Uskayaw.
  9069 | D:7      | Found a broken altar of Ashenzari.
  9405 | D:7      | Found a sparkling altar of Nemelex Xobeh.
  9603 | D:7      | Reached skill level 13 in Spellcasting
  9874 | D:8      | Paralysed by a hornet for 2 turns
 10148 | Temple   | Became a worshipper of Vehumet
 10366 | D:8      | Noticed a cyclops
 10366 | D:8      | Noticed a catoblepas
 10366 | D:8      | Noticed a troll
 10366 | D:8      | Noticed a centaur warrior
 10367 | D:8      | Noticed a troll
 10367 | D:8      | Noticed a deep elf pyromancer
 10457 | D:8      | Noticed Psyche
 10458 | D:8      | Noticed a two-headed ogre
 10466 | D:8      | Killed Psyche
 10467 | D:8      | Reached XP level 10. HP: 49/56 MP: 21/29
 10467 | D:8      | Noticed a two-headed ogre
 10469 | D:8      | Noticed Maxmaps's ghost (journeyman FoMo)
 10479 | D:8      | Noticed a gargoyle
 10484 | D:8      | Noticed a cyclops
 10544 | D:8      | Found a transporter.
 10550 | D:8      | Found a transporter.
 10579 | D:8      | Noticed a centaur warrior
 10579 | D:8      | Noticed a purple ugly thing
 10784 | D:9      | Found a runed translucent gate.
 10784 | D:9      | Found a runed translucent gate.
 10784 | D:9      | Found a runed translucent gate.
 10942 | D:9      | Noticed a two-headed ogre
 10976 | D:9      | Killed a two-headed ogre
 10977 | D:9      | Reached skill level 14 in Spellcasting
 11367 | D:9      | Found an ancient bone altar of Kikubaaqudgha.
 11378 | D:9      | Noticed Harold
 11408 | D:9      | Killed Harold
 11525 | D:9      | Killed from afar by an acid dragon

Illustrated notes

Levels and vault maps discovered:
D:1:      dpeg_arrival_water_fire, layout_basic
D:2:      layout_loops_ring, basic_altar, grunt_ministairs_1,
          chequers_serial_rivers_large_b, uniq_robin
D:3:      layout_basic, serial_rivers, chequers_serial_rivers_micro_a,
          chequers_serial_rivers_marsh, chequers_serial_rivers_micro_a,
          chequers_serial_rivers_micro_d
D:4:      layout_loops_ring, nicolae_wu_jian_immortal_techniques, serial_shops,
          nicolae_shop_behind_doors, uniq_natasha, uniq_edmund, uniq_pikel,
          uniq_ijyb
D:5:      layout_basic, tso_oasis_becter, dreamdust_princess_bridge,
          grunt_ministairs_8, minmay_small_thing
D:6:      layout_loops_ring, mainiacjoe_overflow_paths, hangedman_decor_points,
          minmay_misc_feat_encased
D:7:      minmay_skewed_foursquare, layout_basic, mainiacjoe_overflow_brackets,
          mainiacjoe_overflow_alcove_2, mainiacjoe_overflow_chevrons,
          mainiacjoe_overflow_large_starburst, lemuel_crystal_altar,
          serial_shops, shop, st_stairs_13
D:8:      layout_basic, nzn_ghost_randoct, minivault_12, uniq_psyche
D:9:      layout_long_grid, mainiacjoe_overflow_six_doors_small,
          ebering_ghost_gozag, chequers_serial_rivers_small_3, hex_large,
          patterned_corridor, uniq_harold
Temple:   nicolae_temple_bog_church

Skill      XL: |  1  2  3  4  5  6  7  8  9 10 |
---------------+-------------------------------+-----
Spellcasting   | 5 6 7 9 11 13 14 | 14.7
Fighting       | 1 2 3 4 |  4.5
Armour         | 1 2 3 4 |  4.0
Conjurations   | 2 3 5 6 7 8 |  8.6
Stealth        | 3 |  3.2
Dodging        | 3 |  3.0
Poison Magic   | 1 |  1.0
Air Magic      | 1 |  1.3
Evocations     | 1 |  1.2
Summonings     | |  1.1
Translocations | |  1.1

Action                   |  1- 3 |  4- 6 |  7- 9 | 10-12 || total
-------------------------+-------+-------+-------+-------++-------
Melee: Dagger            |    14 |    16 |    31 |       ||    61
       Punch             |       |     2 |     1 |     1 ||     4
       War axe           |       |    18 |    14 |       ||    32
       Dire flail        |       |       |    65 |       ||    65
       Long sword        |       |       |    15 |       ||    15
       Short sword       |       |       |     3 |    49 ||    52
 Cast: Magic Dart        |   102 |   168 |   226 |    41 ||   537
       Call Imp          |     2 |     5 |    13 |     5 ||    25
       Mephitic Cloud    |     1 |    11 |    46 |    11 ||    69
       Blink             |       |       |     3 |     1 ||     4
  Use: Scroll            |       |       |    10 |       ||    10
 Stab: Confused          |       |     3 |    19 |     5 ||    27
       Distracted        |       |       |       |     1 ||     1
Armor: Robe              |    10 |       |       |       ||    10
       Leather armour    |       |    23 |    22 |       ||    45
       Troll leather arm |       |       |    31 |     6 ||    37
Dodge: Dodged            |    26 |    38 |   111 |    27 ||   202

Table legend: (Time is in decaauts)
 A = Elapsed time spent in this place.
 B = Non-inter-level travel time spent in this place.
 C = Inter-level travel time spent in this place.
 D = Time resting spent in this place.
 E = Time spent auto-exploring this place.
 F = Levels seen in this place.
 G = Mean time per level.
                   A        B        C        D        E       F      G
               +--------+--------+--------+--------+--------+-----+--------+
         Total |  11618 |  11224 |    394 |   1119 |   8082 |  10 | 1161.8 |
       Dungeon |  11540 |  11166 |    374 |   1119 |   8055 |   9 | 1282.2 |
        Temple |     77 |     57 |     20 |      0 |     27 |   1 |   77.0 |
               +--------+--------+--------+--------+--------+-----+--------+

Top non-repeatable levels by time:
     D:3: 1674 daAuts
     D:1: 1571 daAuts
     D:2: 1529 daAuts
     D:4: 1485 daAuts
     D:7: 1418 daAuts
     D:5: 1400 daAuts
     D:6: 995 daAuts
     D:8: 754 daAuts
     D:9: 711 daAuts
  Temple: 77 daAuts
